 Dungeon Crawl Stone Soup version 0.20.1-1-g8b1a95d (webtiles) character file.

65 Jukra the Chopper (level 4, -2/40 HPs)
             Began as a Hill Orc Berserker on Sept 11, 2017.
             Was a Believer of Trog.
             Slain by Terence
             ... wielding a +1 falchion of electrocution
              (16 damage)
             ... on level 2 of the Dungeon.
             The game lasted 00:05:19 (1499 turns).

Jukra the Chopper (Hill Orc Berserker)              Turns: 1499, Time: 00:05:19

Health: -2/40      AC:  8    Str: 20    XL:     4   Next: 14%
Magic:  4/4        EV:  6    Int:  7    God:    Trog [**....]
Gold:   132        SH:  0    Dex: 10    Spells: 3/3 levels left

rFire    . . .     SeeInvis .   a - +1 hand axe
rCold    . . .     Gourm    .   (no shield)
rNeg     . . .     Faith    .   r - +0 ring mail
rPois    .         Spirit   .   (no helmet)
rElec    .         Reflect  .   (no cloak)
rCorr    .         Harm     .   g - +2 pair of gloves
MR       .....                  (no boots)
Stlth    +.........             (no amulet)
Regen    0.2/turn               l - -5 ring of evasion
MPRegen  0.1/turn               (no ring)

@: no status effects
A: no striking features
a: Berserk, Trog's Hand, Burn Spellbooks, Renounce Religion


You were on level 2 of the Dungeon.
You worshipped Trog.
Trog was pleased with you.
You were not hungry.

You visited 1 branch of the dungeon, and saw 2 of its levels.

You collected 132 gold pieces.

Inventory:

Hand Weapons
 a - a +1 hand axe (weapon)
Armour
 b - a +0 animal skin
 g - a +2 pair of gloves (worn)
 r - a +0 ring mail (worn)
Jewellery
 l - a -5 ring of evasion (left hand)
Scrolls
 e - a scroll of identify
 h - a scroll of magic mapping
 p - a scroll of enchant armour {unknown}
 q - a scroll of fog {unknown}
Potions
 d - 2 potions of flight {unknown}
 j - 2 potions of curing {unknown}
 k - a potion of degeneration {unknown}
 n - a potion of resistance {unknown}
Comestibles
 c - 2 bread rations
 f - a royal jelly


   Skills:
 + Level 4.2 Fighting
 + Level 4.9 Axes
 + Level 2.3 Armour
 + Level 2.3 Dodging
 + Level 0.3 Stealth


You had 3 spell levels left.
You didn't know any spells.

Dungeon Overview and Level Annotations

Branches:
Dungeon (2/15)

Altars:
Dithmenos
Kikubaaqudgha

Annotations:
D:2 Terence


Message History

Terence is heavily wounded.
Terence hits you with a falchion of electrocution.
You barely miss Terence.
Terence is heavily wounded.
Terence hits you but does no damage.
You barely miss Terence.
Terence is heavily wounded.
Terence hits you with a falchion of electrocution.
You hit Terence.
Terence is severely wounded.
Terence closely misses you.
You hit Terence but do no damage.
Terence is severely wounded.
Terence hits you but does no damage.
You are electrocuted!
You are too injured to fight recklessly!
You are too injured to fight recklessly!
You hit Terence but do no damage.
Terence is severely wounded.
Terence hits you but does no damage.
You are electrocuted!
You die...

####.# #.
#§§§.# #.
#§#§.## #.
#§§§#..# #.
#§#.#§#§# #. #
§§.§§§§§# #.
####.##§#§#§###
#.
.......#§§§##
#####. .#@@#§##
#...... #
##§§.# .#####.
##### ###. #...
#.#. .## # .##
....


You could see Terence.

Vanquished Creatures
  An adder (D:2)
  An ooze (D:1)
  A worm (D:2)
  3 leopard geckos
  2 giant cockroaches
  2 goblins
  4 hobgoblins
  8 jackals (D:1)
  5 kobolds
  10 bats
  2 frilled lizards
  4 rats (D:1)
43 creatures vanquished.

Vanquished Creatures (others)
  A bat (D:1)
1 creature vanquished.

Grand Total: 44 creatures vanquished

Notes
Turn   | Place    | Note
-------+----------+-------------------------------------------
     0 | D:1      | Jukra the Hill Orc Berserker began the quest for the Orb.
     0 | D:1      | Reached XP level 1. HP: 19/19 MP: 1/1
    85 | D:1      | Reached XP level 2. HP: 11/27 MP: 2/2
   414 | D:1      | Reached XP level 3. HP: 30/33 MP: 3/3
  1114 | D:2      | Reached ** piety under Trog
  1265 | D:2      | Found an ancient bone altar of Kikubaaqudgha.
  1318 | D:2      | Reached XP level 4. HP: 39/40 MP: 4/4
  1478 | D:2      | Found a shadowy altar of Dithmenos.
  1486 | D:2      | Noticed Terence
  1499 | D:2      | Slain by Terence

Skill      XL: |  1  2  3 |
---------------+----------+-----
Fighting       | 4 |  4.2
Dodging        | 2 |  2.3
Axes           | |  4.9
Armour         | |  2.3
Stealth        | |  0.3

Action                   |  1- 3 |  4- 6 || total
-------------------------+-------+-------++-------
Melee: Hand axe          |   140 |    17 ||   157
  Use: Scroll            |       |     4 ||     4
 Stab: Sleeping          |     1 |       ||     1
  Eat: Meat ration       |     1 |       ||     1
Armor: Animal skin       |    60 |       ||    60
       Ring mail         |       |     8 ||     8
Dodge: Dodged            |   135 |     3 ||   138
